 Dungeon Crawl Stone Soup version 0.17-a0-1591-g7a45446 (webtiles) character file.

40 Chiseanne the Magician (level 3, -2/24 HPs)
             Began as a Demonspawn Wanderer on July 29, 2015.
             Slain by Natasha (7 damage)
             ... on level 2 of the Dungeon.
             The game lasted 00:03:37 (1098 turns).

Chiseanne the Magician (Demonspawn Wanderer)        Turns: 1098, Time: 00:03:37

Health: -2/24      AC:  6    Str:  9    XL:     3   Next: 30%
Magic:  7/7        EV:  7    Int: 17    God:
Gold:   13         SH:  0    Dex: 12    Spells: 1 memorised, 7 levels left

rFire  . . .     SeeInvis .     e - +0 dagger
rCold  . . .     Clarity  .     l - +0 scale mail
rNeg   . . .     SustAt   .     (no shield)
rPois  .         Gourm    .     (no helmet)
rElec  .         Spirit   .     (no cloak)
rCorr  .         Warding  .     (no gloves)
rMut   .         Stasis   .     (no boots)
MR     .....                    (no amulet)
Stlth  ..........               (no ring)
                                (no ring)

@: not resistant to hostile enchantments, extremely unstealthy
A: claws 1, spiny 1
a: no special abilities


You were on level 2 of the Dungeon.
You were hungry.

You visited 1 branch of the dungeon, and saw 2 of its levels.

You collected 13 gold pieces.

Inventory:

Hand weapons
 e - a +0 dagger (weapon)
 r - a cursed -2 dagger
Missiles
 h - 25 sling bullets
Armour
 d - a +2 robe of cold resistance
 l - a +0 scale mail (worn)
Scrolls
 j - a scroll of enchant armour
Potions
 g - a potion of flight
 m - a potion of haste
 p - a potion of cancellation {unknown}
Books
 a - a book of Geomancy

   Spells                             Type                      Level
   a - Sandblast                      Earth                        1
   b - Stoneskin                      Transmutation/Earth          2
   c - Passwall                       Transmutation/Earth          3
   d - Stone Arrow                    Conjuration/Earth            3
   e - Petrify                        Transmutation/Earth          4
   f - Lee's Rapid Deconstruction     Earth                        5
 b - the Volume of Aerial Talismans

   Spells                             Type                      Level
   a - Repel Missiles                 Charms/Air                   2
   b - Swiftness                      Charms/Air                   2
 c - the Incunabulum of the Arsonist

   Spells                             Type                      Level
   a - Flame Tongue                   Conjuration/Fire             1
   b - Ignite Poison                  Fire/Transmutation/Poison    3
Comestibles
 f - 2 bread rations
 i - a meat ration


   Skills:
   Level 1.7 Maces & Flails
 - Level 1.0 Throwing
 * Level 1.1 Armour
 * Level 3.4 Spellcasting
 * Level 1.5 Conjurations
 + Level 1.1 Fire Magic
   Level 1.7 Earth Magic
   Level 1.0 Evocations


You had 7 spell levels left.
You knew the following spells:

 Your Spells              Type           Power        Failure   Level  Hunger
a - Flame Tongue          Conj/Fire      #....        82%         1    None


Dungeon Overview and Level Annotations

Branches:
Dungeon (2/15)

Altars:

Annotations:
D:2 Natasha


Innate Abilities, Weirdness & Mutations

You have sharp fingernails.
You are partially covered in sharp spines.


Message History

Key pressed, stopping explore.
Natasha, Servant of Life and Death comes into view.
Natasha casts a spell at you. The magic dart hits you!
Natasha is nearby!
Natasha is nearby!
Natasha claws you!
You barely miss Natasha. Natasha claws you.
You hit Natasha.
Natasha is lightly wounded.
Natasha casts a spell at thin air.
A cloud of flames roars to life!
Your scale mail prevents you from hitting Natasha.
Natasha is lightly wounded.
Natasha stares at you and mumbles some strange words.
The magic dart hits you!
You hit Natasha but do no damage. Natasha claws you.
* * * LOW HITPOINT WARNING * * *
You hit Natasha but do no damage. Natasha claws you!
You die...

#..####.#. #..#
#.#. #..# #.#
#..####...
#######.........
#.......#####...
#.####### ...
####.# #.@.ยง#
#h####
#.#.######.#
..###.....h.#
### #.#####...
..# #.. #. #.


You could see Natasha.

Vanquished Creatures
  An ooze (D:1)
  A giant gecko (D:1)
  2 ball pythons (D:1)
  5 bats (D:1)
  3 giant cockroaches (D:1)
  4 hobgoblins (D:1)
  2 jackals (D:1)
  8 kobolds
  A giant newt (D:1)
  3 goblins
  3 rats (D:1)
33 creatures vanquished.

Notes
Turn   | Place    | Note
--------------------------------------------------------------
     0 | D:1      | Chiseanne the Demonspawn Wanderer began the quest for the Orb.
     0 | D:1      | Chiseanne set off with: a book of Geomancy, the Volume of Aerial Talismans, the Incunabulum of the Arsonist, a +0 robe, a +0 dagger, a bread ration
     0 | D:1      | Reached XP level 1. HP: 13/13 MP: 4/4
     0 | D:1      | Identified the Volume of Aerial Talismans
     0 | D:1      | Identified the Incunabulum of the Arsonist
     2 | D:1      | Learned a level 1 spell: Flame Tongue
   317 | D:1      | Gained mutation: You are partially covered in sharp spines. [demonic ancestry]
   317 | D:1      | Reached XP level 2. HP: 10/19 MP: 1/6
   490 | D:1      | Reached skill level 1 in Conjurations
   603 | D:1      | Reached skill level 1 in Fire Magic
   609 | D:1      | Gained mutation: You have sharp fingernails. [demonic ancestry]
   609 | D:1      | Reached XP level 3. HP: 16/24 MP: 7/7
  1086 | D:2      | Noticed Natasha
  1098 | D:2      | Slain by Natasha

Vault maps used:
D:1:      dpeg_arrival_line_fractal, minmay_distorted
D:2:      lemuel_round_altar, serial_park_tiny_pond, uniq_terence, uniq_natasha

Action                   || total
-------------------------++-------
Melee: Dagger            ||    76
 Cast: Flame Tongue      ||     9
  Use: Scroll            ||     6
